 Dungeon Crawl Stone Soup version 0.19-a0-994-g3c636f0 (webtiles) character file.

50803 mistymad the Impaler (level 14, -2/118 HPs)
             Began as a Merfolk Monk on July 15, 2016.
             Was an Elder of Fedhas.
             Killed by divine providence
             ... invoked by a meliai
              (8 damage)
             ... on level 12 of the Dungeon.
             The game lasted 01:13:21 (27679 turns).

mistymad the Impaler (Merfolk Monk)                Turns: 27679, Time: 01:13:23

Health: -2/118     AC: 13    Str: 19    XL:     14   Next: 56%
Magic:  17/17      EV: 21    Int: 10    God:    Fedhas [****..]
Gold:   634        SH:  0    Dex: 17    Spells: 0 memorised, 13 levels left

rFire  . . .     SeeInvis +     D - +1 trident
rCold  + . .     Gourm    +     S - +0 scale mail {rC+}
rNeg   . . .     Faith    .     (no shield)
rPois  +         Spirit   .     L - +1 hat
rElec  .         Dismiss  .     y - +0 cloak
rCorr  +         Reflect  .     (no gloves)
SustAt .         Harm     .     b - +1 pair of boots
MR     +....                    I - amulet of the gourmand
Stlth  ++........               e - ring of resist corrosion
                                s - ring of Xumubb {rPois Str+4 SInv Stlth+}

@: studying Staves, somewhat resistant to hostile enchantments, unstealthy
A: change form in water, swift swim
a: Evolution, Sunlight, Growth, Reproduction, Renounce Religion


You were on level 12 of the Dungeon.
You worshipped Fedhas.
Fedhas was greatly pleased with you.
You were not hungry.

You visited 3 branches of the dungeon, and saw 19 of its levels.
You also visited: Ice Cave.

You collected 1460 gold pieces.
You spent 826 gold pieces at shops.

Inventory:

Hand Weapons
 D - a +1 trident (weapon)
Armour
 b - a +1 pair of boots (worn)
 y - a +0 cloak (worn)
 L - a +1 hat (worn)
 S - a +0 scale mail of cold resistance (worn)
Jewellery
 e - a ring of resist corrosion (right hand)
 f - a +2 ring of protection
 m - a +4 ring of slaying
 s - the ring of Xumubb (left hand) {rPois Str+4 SInv Stlth+}
   (You bought it in a shop on level 5 of the Dungeon)

   [ring of poison resistance]

   It affects your strength (+4).
   It protects you from poison.
   It lets you see invisible.
   It makes you more stealthy.
 H - a +6 ring of dexterity
 I - an amulet of the gourmand (around neck)
Wands
 g - a wand of confusion (2/48)
 p - a wand of hasting (0/9)
 z - a wand of slowing (15/48)
 E - a wand of lightning (8/15)
 F - a wand of digging (8/24)
 G - a wand of slowing (27/48)
 P - a wand of paralysis (19/24)
 U - a wand of polymorph (10/24)
 Z - a wand of disintegration (7/24)
Scrolls
 n - 12 scrolls of remove curse
 t - a scroll of silence
 v - 5 scrolls of identify
 x - 2 scrolls of enchant armour
 A - 3 scrolls of magic mapping
 J - 5 scrolls of enchant weapon
 M - a scroll of recharging {unknown}
 Q - a scroll of fog
 R - a scroll of summoning {unknown}
 T - a scroll of brand weapon {unknown}
 V - a scroll of noise {unknown}
 W - a scroll of fear {unknown}
 Y - a scroll of holy word
Potions
 h - a potion of brilliance
 i - a potion of resistance
 j - a potion of ambrosia
 k - 4 potions of curing
 q - 3 potions of flight
 r - 3 potions of cancellation
 u - 2 potions of mutation
 w - 2 potions of magic
 K - 2 potions of might
 N - a potion of haste
Books
 X - a manual of Staves
Miscellaneous
 O - a phial of floods
Comestibles
 a - a royal jelly
 c - 10 bread rations
 d - 14 meat rations
 l - 5 beef jerkies
 B - 10 slices of pizza
 C - 38 fruits


   Skills:
 + Level 13.6 Fighting
 - Level 16.7 Polearms
 + Level 9.8 Armour
 + Level 16.1 Dodging
 - Level 2.1 Stealth
 + Level 4.0 Invocations


You had 13 spell levels left.
You didn't know any spells.

Dungeon Overview and Level Annotations

Branches:
Dungeon (12/15)            Temple (1/1) D:5            Lair (6/6) D:8
  Swamp (0/4) Lair:2        Slime (0/5) Lair:5
  Snake: Lair:2-4    Spider: Lair:2-4       Orc: D:9-12

Altars:
Ashenzari
Cheibriados
Dithmenos
Elyvilon
Fedhas
Gozag
Hepliaklqana
Kikubaaqudgha
Makhleb
Nemelex Xobeh
Okawaru
Pakellas
Qazlal
Ru
Sif Muna
Trog
Uskayaw
Vehumet
Xom
Yredelemnul
Zin
The Shining One

Shops:
D:5 =   D:7 (=:::

Annotations:
D:11 1 runed door
Lair:3 Nergalle


Message History

The meliai hits your wandering mushroom with a broad axe!
The meliai stings your wandering mushroom but does no damage.
Your wandering mushroom barely misses the meliai.
A worker ant comes into view.
You swap places.
The meliai mumbles some strange prayers to its god against you.
Something smites you!
* * * LOW HITPOINT WARNING * * *
The meliai hits your wandering mushroom with a broad axe.
The meliai stings your wandering mushroom!
The worker ant moves out of view.
Your wandering mushroom barely misses the meliai.
You take 9 damage, and have 20/118 hp.
The meliai mumbles some strange prayers to its god against you.
Something smites you!
* * * LOW HITPOINT WARNING * * *
The meliai calls down the wrath of its god upon you.
Something smites you!
You die...
Fedhas appreciates your contribution to the ecosystem.

..'....##..# #..........#...
..#....#...# ##..........#...
..'....#...# #...#######.#...
..######...# #...#.....#.#...
...........# #...#.....#.#...
'#####.....# #...#.....#.#...
.....#.....# #...###'###.'...
.....#.....#######...........#...
.....#.....yyff.@............#).f
.....'.....h#########............
######......# #.#.#####.#.)
............# #.#.......###
............# #.#.......#..
..........h.+.+ #.#.......#..
#####.).....#.# #.#.......#..
....#.......#.# .###.......###
....#....####.#####...##########.


You could see 2 meliai, a hound and 2 friendly wandering mushrooms.

Vanquished Creatures
  Gastronok (Lair:2)
  Josephine (D:10)
  8 hydras
  2 catoblepae (Lair:6)
  10 death yaks
  Sonja (D:12)
  Pikel (D:5)
  3 hill giants
  An ugly thing (D:11)
  A griffon (Lair:4)
  A cyclops (D:11)
  2 manticores (D:11)
  2 ice statues (IceCv)
  An elephant (Lair:6)
  4 black mambas (Lair:6)
  2 torpor snails (Lair:6)
  2 gargoyles
  8 spiny frogs
  3 komodo dragons
  3 rime drakes
  A meliai (D:12)
  2 polar bears (D:11)
  3 trolls
  Prince Ribbit (D:8)
  5 slime creatures (D:12)
  10 blink frogs
  A wyvern (D:11)
  36 yaks
  2 basilisks
  4 hippogriffs
  5 wraiths (D:10)
  A hungry ghost (D:11)
  A steam dragon (Lair:4)
  9 water moccasins
  10 porcupines
  3 wandering mushrooms
  4 orc warriors
  A sky beast (D:10)
  A swamp drake (D:12)
  15 ice beasts
  A black bear (Lair:1)
  4 phantoms
  16 wolves
  2 ogres
  3 centaurs
  9 crocodiles
  4 big kobolds
  20 giant frogs
  Blork the orc (D:5)
  A scorpion (D:8)
  A wight (D:6)
  An electric eel (D:9)
  7 crimson imps
  A hound (D:12)
  2 jellies
  2 centaur skeletons
  2 giant frog skeletons (D:12)
  9 orc priests
  11 orc wizards
  Ijyb (D:2)
  5 iguanas
  2 hell rats (Lair:3)
  8 worker ants
  32 sheep
  A hound zombie (D:9)
  9 gnolls
  15 adders
  A howler monkey skeleton (D:10)
  59 river rats
  3 shadow imps
  An ooze (D:2)
  An adder zombie (D:7)
  2 adder skeletons
  2 worms (D:2)
  2 dart slugs
  8 giant geckos
  50 orcs
  11 bats
  4 giant cockroaches
  7 goblins
  5 hobgoblins
  9 jackals
  13 kobolds
  7 quokkas
  3 ball pythons
  8 giant newts
  3 jackal skeletons
  9 rats
  3 ballistomycetes (Lair:6)
  4 giant spores (Lair:6)
  2 hyperactive ballistomycetes
559 creatures vanquished.

Vanquished Creatures (collateral kills)
  The ghost of Amnesiac the Thrower, a novice OgHu of Okawaru (D:8)
  A catoblepas (Lair:6)
  An ice dragon (D:11)
  2 ugly things (D:12)
  A cyclops (D:11)
  The ghost of Shenda the Slasher, a novice VSFi of Okawaru (D:6)
  A centaur skeleton (D:12)
  A polar bear (D:11)
  A slime creature (D:12)
  A blink frog (Lair:5)
  2 wraiths (D:11)
  7 yaks
  A water moccasin (Lair:5)
  2 orc warriors
  A slave (D:5)
  An ogre (D:6)
  A wolf (Lair:4)
  A crocodile (D:7)
  A big kobold (D:11)
  2 wights (D:6)
  A centaur zombie (D:11)
  A gnoll shaman (D:4)
  An orc priest (D:6)
  Crazy Yiuf (D:7)
  A hound (D:11)
  2 orc wizards (D:5)
  An iguana (D:6)
  3 sheep
  5 gnolls
  5 river rats
  An adder (D:8)
  12 orcs
  A jackal (D:7)
  A quokka (D:8)
  6 kobolds (D:11)
  3 giant spores (Lair:6)
  7 hyperactive ballistomycetes (Lair:6)
82 creatures vanquished.

Vanquished Creatures (others)
  A death yak (Lair:6)
  3 oklob plants
  A spiny frog (Lair:6)
  3 yaks (Lair:6)
  A water moccasin (Lair:6)
  A slave (D:5)
  2 necrophages
  A big kobold (D:6)
  32 wandering mushrooms
  A jelly (D:5)
  A worker ant (D:5)
  2 worker ant zombies (D:7)
  An adder (D:5)
  20 kobolds (D:6)
  39 ballistomycetes
  27 fungi
  13 giant spores
  3 hyperactive ballistomycetes (Lair:6)
  8 plants
  490 toadstools
650 creatures vanquished.

Grand Total: 1291 creatures vanquished

Notes
Turn   | Place    | Note
-------+----------+-------------------------------------------
     0 | D:1      | mistymad the Merfolk Monk began the quest for the Orb.
     0 | D:1      | Reached XP level 1. HP: 18/18 MP: 1/1
   135 | D:1      | Reached XP level 2. HP: 21/24 MP: 2/2
   391 | D:1      | Reached XP level 3. HP: 26/29 MP: 3/3
   408 | D:1      | Reached skill level 1 in Armour
   911 | D:2      | Noticed Ijyb
   936 | D:2      | Killed Ijyb
   936 | D:2      | Reached skill level 5 in Polearms
   947 | D:2      | Reached XP level 4. HP: 15/37 MP: 4/4
  1246 | D:2      | Found a faded altar of an unknown god.
  1404 | D:2      | Found a blossoming altar of Fedhas.
  1429 | D:2      | Became a worshipper of Fedhas Madash
  1429 | D:2      | Reached * piety under Fedhas
  1429 | D:2      | Reached ** piety under Fedhas
  1596 | D:2      | Reached skill level 5 in Dodging
  1714 | D:2      | Found a white marble altar of Elyvilon.
  1847 | D:2      | Found a basalt altar of Yredelemnul.
  1945 | D:3      | Noticed a giant frog
  1960 | D:3      | Killed a giant frog
  1960 | D:3      | Reached XP level 5. HP: 31/42 MP: 5/5
  2926 | D:3      | Reached XP level 6. HP: 42/49 MP: 6/6
  3045 | D:3      | Noticed an ice beast
  3100 | D:3      | Killed an ice beast
  3480 | D:4      | Found a hazy altar of Hepliaklqana.
  3631 | D:4      | Found a glowing silver altar of Zin.
  3782 | D:4      | Noticed a phantom
  3822 | D:4      | Killed a phantom
  3822 | D:4      | Reached XP level 7. HP: 55/55 MP: 7/7
  4740 | D:4      | Reached skill level 5 in Fighting
  4906 | D:4      | Reached *** piety under Fedhas
  5046 | D:5      | Entered Level 5 of the Dungeon
  5060 | D:5      | Found a bloodstained altar of Trog.
  5073 | D:5      | Noticed Blork the orc
  5319 | D:5      | Killed Blork the orc
  5372 | D:5      | Got a scintillating bone ring
  5422 | D:5      | Found a white marble altar of Elyvilon.
  5491 | D:5      | Found a staircase to the Ecumenical Temple.
  5512 | Temple   | Entered the Ecumenical Temple
  5837 | D:5      | Noticed Pikel
  5897 | D:5      | Killed Pikel
  5897 | D:5      | Reached XP level 8. HP: 39/64 MP: 8/8
  6142 | D:5      | Found Lipyc's Jewellery Shoppe.
  6627 | D:5      | Found a burning altar of Makhleb.
  7163 | D:6      | Found a radiant altar of Vehumet.
  7792 | D:6      | Found a stormy altar of Qazlal.
  7875 | D:6      | Noticed Shenda's ghost (novice VSFi)
  7887 | D:6      | Killed Shenda's ghost
  7887 | D:6      | Reached XP level 9. HP: 64/71 MP: 9/9
  7952 | D:6      | Identified the ring "Wojatu" {+Inv rElec rF- Slay+2 SInv} (You found it on level 5 of the Dungeon)
  8659 | D:7      | Found Peniovan's Weapon Emporium.
  9072 | D:7      | Found Otubulep's Book Emporium.
  9073 | D:7      | Found Syaxt's Jewellery Boutique.
  9076 | D:7      | Found Qeamutepyso's Book Shop.
  9080 | D:7      | Bought an uncursed amulet of the gourmand for 360 gold pieces
  9083 | D:7      | Found Gyntol's Book Emporium.
  9208 | D:7      | Found a runed door.
  9238 | D:7      | Found a deep blue altar of Sif Muna.
  9244 | D:7      | Found a shattered altar of Ashenzari.
  9244 | D:7      | Found an oddly glowing altar of Pakellas.
  9272 | D:7      | Noticed Crazy Yiuf
  9321 | D:7      | Killed Crazy Yiuf
  9590 | D:7      | Reached skill level 10 in Polearms
 10088 | D:8      | Noticed Prince Ribbit
 10102 | D:8      | Killed Prince Ribbit
 10118 | D:8      | Noticed Amnesiac's ghost (novice OgHu)
 10228 | D:7      | Reached skill level 5 in Armour
 10376 | D:8      | Killed Amnesiac's ghost
 10376 | D:8      | Reached skill level 10 in Dodging
 10376 | D:8      | Reached XP level 10. HP: 49/80 MP: 10/10
 10858 | D:8      | Noticed a two-headed hydra
 10868 | D:8      | Killed a two-headed hydra
 10936 | D:8      | Found a staircase to the Lair.
 10944 | D:8      | Reached **** piety under Fedhas
 12047 | D:9      | Found a sparkling altar of Nemelex Xobeh.
 12279 | D:10     | Entered Level 10 of the Dungeon
 12303 | D:10     | Noticed Josephine
 12331 | D:10     | Killed Josephine
 12331 | D:10     | Reached XP level 11. HP: 27/89 MP: 11/11
 13028 | D:9      | Found a deep blue altar of Sif Muna.
 13109 | D:10     | Found a glowing golden altar of the Shining One.
 13401 | D:11     | Found a white marble altar of Elyvilon.
 13401 | D:11     | Noticed an angel
 13420 | D:11     | Found a runed door.
 13438 | D:11     | Noticed a manticore
 13457 | D:11     | Found a frozen archway.
 13460 | D:11     | Noticed an ice dragon
 13510 | D:11     | Killed an ice dragon
 13510 | D:11     | Reached skill level 10 in Fighting
 13621 | IceCv    | Entered an ice cave
 14354 | IceCv    | Noticed an ice dragon
 14355 | IceCv    | Noticed an ice dragon
 14700 | D:11     | Noticed a cyclops
 14844 | D:5      | Bought the ring of Xumubb {rPois Str+4 SInv Stlth+} for 466 gold pieces
 14967 | Lair:1   | Entered Level 1 of the Lair of Beasts
 14977 | Lair:1   | Reached XP level 12. HP: 82/99 MP: 12/12
 16362 | Lair:1   | Noticed an eight-headed hydra
 16382 | Lair:1   | Killed an eight-headed hydra
 16559 | Lair:2   | Found a staircase to the Swamp.
 16580 | Lair:2   | Noticed Gastronok
 16625 | Lair:2   | Killed Gastronok
 17791 | Lair:3   | Noticed a death yak
 17793 | Lair:3   | Noticed a death yak
 17793 | Lair:3   | Noticed a death yak
 17807 | Lair:3   | Killed a death yak
 17818 | Lair:3   | Killed a death yak
 17818 | Lair:3   | Reached skill level 15 in Polearms
 17830 | Lair:3   | Killed a death yak
 18039 | Lair:3   | Found a hide-covered altar of Uskayaw.
 18136 | Lair:3   | Reached XP level 13. HP: 59/107 MP: 13/13
 18413 | Lair:3   | Noticed Nergalle
 18436 | Lair:2   | Reached ***** piety under Fedhas
 20021 | Lair:5   | Found a staircase to the Slime Pits.
 20946 | Lair:6   | Entered Level 6 of the Lair of Beasts
 21872 | Lair:6   | Reached skill level 15 in Dodging
 22920 | Lair:6   | Reached XP level 14. HP: 79/118 MP: 14/14
 24006 | Lair:6   | Got a scintillating marble ring
 24013 | Lair:6   | Identified the ring "Dierof" {Fire *Corrode rElec rPois rN++} (You found it on level 6 of the Lair of Beasts)
 24364 | D:11     | Reached skill level 1 in Invocations
 25963 | D:12     | Noticed Sonja
 26003 | D:12     | Killed Sonja
 26091 | D:12     | HP: 5/118 [slime creature (12)]
 27679 | D:12     | Killed from afar by a meliai

Vault maps used:
D:1:      elethiomel_arrival_shortcut, minmay_close_crescents
D:2:      kennysheep_ying_yang, fedhas_altar_3, ecumenical_altar_2, uniq_iyjb
D:4:      zin_treasury, lemuel_crystal_altar
D:5:      makhleb_grotto_becter, lemuel_round_altar, first_bread, serial_shops,
          nicolae_shop_stone, elyvilon_altar_1, uniq_pikel, uniq_blork_the_orc
D:6:      kennysheep_kobold_camp, vehumet_crystals,
          nicolae_qazlal_general_emergency, kennysheep_generic_room_9
D:7:      minitemple, serial_shops, shop, shop, nicolae_shop_waterfront, shop,
          shop, uniq_crazy_yiuf_cottage
D:8:      minmay_lair_entry_grove, hangedman_ranch, uniq_prince_ribbit1
D:9:      lemuel_upstairs_altar, nemelex_altar_shiori, minivault_14
D:10:     tso_altar, uniq_josephine
D:11:     portal_ice_cave_entry_animals_and_master, hangedman_decor_points,
          lemuel_angel_altar
D:12:     minmay_shrinking_squares, erik_orc_1, glass_columns_a,
          minmay_crystal_room, grunt_ministairs_4, uniq_sonja
Temple:   jpeg_temple_island
Lair:1:   minmay_stone_trees_small
Lair:2:   swamp_mist_pool, st_stairs_4, lemuel_fruit_tree, uniq_gastronok
Lair:3:   kennysheep_rathole, spider_nest_entry_webs, basic_altar, uniq_nergalle
Lair:4:   grunt_megastairs_3
Lair:5:   slime_dummy
Lair:6:   evilmike_catoblepas_cave
IceCv:    ice_cave_small_dragons

Skill      XL: |  1  2  3  4  5  6  7  8  9 10 11 12 13 14 |
---------------+-------------------------------------------+-----
Armour         | 1 2 3 4 5 6 7 8 9 |  9.8
Polearms       | 5 6 8 9 10 12 13 15 16 | 16.7
Dodging        | 5 6 7 8 10 11 12 14 15 16 | 16.1
Fighting       | 4 5 6 8 9 10 11 13 | 13.6
Invocations    | 4 |  4.0
Stealth        | |  2.1

Action                   |  1- 3 |  4- 6 |  7- 9 | 10-12 | 13-15 || total
-------------------------+-------+-------+-------+-------+-------++-------
Melee: Spear             |   139 |   332 |   692 |       |       ||  1163
       Trident           |       |       |    66 |   922 |  1022 ||  2010
       Tailslap          |       |       |       |     2 |       ||     2
Invok: Evolution         |       |     1 |     8 |    13 |    34 ||    56
       Reproduction      |       |       |       |     1 |     1 ||     2
       Sunlight          |       |       |       |       |     1 ||     1
       Growth            |       |       |       |       |     1 ||     1
Evoke: Wand              |       |       |     3 |     2 |     5 ||    10
       Phial of floods   |       |       |       |       |     1 ||     1
  Use: Scroll            |     1 |    13 |     5 |     7 |     5 ||    31
       Potion            |       |       |     5 |     3 |     8 ||    16
 Stab: Sleeping          |     4 |     6 |     1 |     6 |     7 ||    24
       Distracted        |     1 |       |     1 |     1 |     4 ||     7
       Confused          |       |       |       |     8 |     9 ||    17
       Petrified         |       |       |       |       |     1 ||     1
  Eat: Chunk             |       |     9 |    27 |    18 |    34 ||    88
       Pizza             |       |       |     2 |       |       ||     2
Armor: Ring mail         |    42 |    73 |   145 |    59 |    37 ||   356
       Ice dragon hide   |       |       |       |    25 |       ||    25
       Scale mail        |       |       |       |       |   133 ||   133
Dodge: Dodged            |    70 |   142 |   335 |   398 |   639 ||  1584
